Map: [ESL] Moondance

Players

Gerald

  • Race: Protoss Protoss
  • Spawn Location: 12:00

Bunny - Winner!

  • Race: Terran Terran
  • Spawn Location: 6:00

Event: DreamHack SC2 Masters 2022 Valencia

VOD

Have the link to the VOD?

Description

Time

  • Played on: July 1, 2022, 10:45 a.m.
  • Length: 11:23

All games in this series

Show
View Real Time Build Order
Export as new Build Order

Gerald Protoss 

Build Orders: 1 Gate Expand, Oracle Opening 

Get SALT Encoding   

  12  0:00  Probe  
  13  0:12  Probe  
  14  0:17  Pylon  
  14  0:24  Probe (Chrono Boost)  
  15  0:36  Probe (Chrono Boost)  
  15  0:37  Gateway  
  16  0:44  Probe (Chrono Boost)  
  16  0:47  Assimilator  
  17  0:53  Probe  
  18  1:05  Probe  
  19  1:17  Probe  
  20  1:23  Nexus  
  20  1:29  Probe  
  21  1:36  Cybernetics Core  
  21  1:41  Probe  
  21  1:44  Assimilator  
  22  1:53  Pylon  
  22  1:54  Probe  
  23  2:10  Adept (Chrono Boost)  
  23  2:11  Pylon, Probe  
  26  2:23  Probe  
  27  2:32  Adept (Chrono Boost)  
  27  2:35  Probe  
  27  2:36  Probe  
  31  2:42  Stargate  
  30  2:45  Warp Gate  
  30  2:47  Probe  
  30  2:49  Probe  
  32  2:59  Probe  
  32  3:01  Probe  
  34  3:11  Probe  
  35  3:14  Probe  
  35  3:15  Stalker  
  38  3:22  Oracle (Chrono Boost)  
  38  3:23  Probe  
  38  3:26  Probe  
  43  3:32  Gateway  
  43  3:35  Probe  
  42  3:44  Probe  
  42  3:48  Probe (Chrono Boost)  
  43  3:56  Probe (Chrono Boost)  
  43  4:00  Probe (Chrono Boost)  
  45  4:04  Phoenix  
  45  4:07  Probe (Chrono Boost)  
  45  4:08  Probe (Chrono Boost)  
  49  4:12  Probe (Chrono Boost)  
  49  4:14  Probe  
  51  4:17  Nexus  
  51  4:23  Probe  
  52  4:24  Twilight Council  
  52  4:26  Pylon, Probe  
  52  4:31  Assimilator  
  53  4:34  Gateway  
  53  4:36  Probe  
  54  4:44  Stalker  
  54  4:45  Stalker  
  58  4:52  Blink (Chrono Boost)  
  58  4:53  Probe  
  58  4:54  Probe  
  58  5:03  Pylon  
  58  5:06  Probe  
  58  5:07  Probe, Gateway  
  60  5:16  Stalker  
  60  5:21  Probe x2  
  64  5:25  Pylon  
  64  5:27  Stalker, Templar Archives  
  67  5:35  Probe  
  67  5:39  Stalker x2, Probe (Chrono Boost)  
  67  5:41  Probe (Chrono Boost)  
  70  5:45  Forge  
  71  5:51  Assimilator x2  
  71  5:52  Probe (Chrono Boost)  
  71  5:54  Stalker  
  74  5:57  Probe (Chrono Boost)  
  74  5:59  Psionic Storm  
  74  6:01  Probe (Chrono Boost)  
  74  6:03  Probe (Chrono Boost)  
  77  6:04  Probe (Chrono Boost), Gateway  
  77  6:10  Probe  
  78  6:13  Probe  
  78  6:18  Probe  
  78  6:20  Shield Battery  
  78  6:21  Shield Battery  
  78  6:23  Stalker x2  
  82  6:28  Probe  
  82  6:29  Charge (Chrono Boost)  
  82  6:30  Probe x2  
  85  6:34  Gateway  
  85  6:43  High Templar, Zealot  
  85  6:46  Photon Cannon  
  87  6:48  Pylon  
  87  6:49  Pylon  
  87  6:53  High Templar, Zealot  
  91  6:55  Probe x2  
  91  6:59  Protoss Ground Armor Level 1  
  93  7:02  Gateway x2  
  93  7:05  Zealot  
  93  7:15  Zealot x2  
  69  7:26  Stalker x3  
  69  7:27  Probe x2 (Chrono Boost)  
  77  7:32  Probe (Chrono Boost)  
  77  7:34  High Templar  
  81  7:38  Probe x2 (Chrono Boost)  
  81  7:42  Probe x2 (Chrono Boost)  
  81  7:43  Probe (Chrono Boost)  
  83  7:45  High Templar, Zealot  
  88  7:51  Probe  
  88  7:53  Probe  
  88  7:54  Probe  
  88  7:58  High Templar, Zealot x3  
  90  7:59  Shield Battery  
  90  8:03  Probe  
  97  8:05  Zealot  
  99  8:14  Nexus  
  99  8:17  Pylon  
  99  8:19  Zealot  
  101  8:28  Cybernetics Core  
  101  8:31  Gateway  
  101  8:32  Pylon  
  101  8:34  Pylon  
  101  8:35  Pylon  
  101  8:38  High Templar x2, Zealot x2  
  109  8:46  Pylon  
  109  8:48  Pylon  
  109  8:50  Photon Cannon  
  109  8:54  Zealot x2  
  113  9:00  Pylon  
  112  9:03  Probe x2  
  112  9:08  Stalker x2  
  112  9:09  Pylon  
  118  9:11  Assimilator  
  118  9:13  High Templar  
  118  9:14  Probe  
  118  9:15  Probe x2, Robotics Facility  
  123  9:19  High Templar  
  123  9:20  Zealot  
  123  9:26  Probe  
  123  9:30  Zealot x2  
  110  9:32  Stalker  
  93  9:40  Probe (Chrono Boost)  
  93  9:44  Probe (Chrono Boost)  
  93  9:45  Photon Cannon  
  94  9:54  Photon Cannon  
  94  9:56  Probe (Chrono Boost)  
  94  10:00  Probe x2 (Chrono Boost)  
  94  10:01  Probe x2 (Chrono Boost)  
  94  10:03  Observer (Chrono Boost)  
  93  10:08  Probe  
  93  10:09  Probe  
  93  10:11  Probe  
  94  10:14  Probe  
  94  10:18  Archon  
  94  10:20  Probe  
  94  10:21  Probe  
  95  10:23  Probe  
  95  10:24  Observer  
  95  10:26  Archon  
  95  10:27  Probe  
  98  10:33  Probe  
  92  10:41  Zealot x7  
  96  10:45  Archon  
  96  10:46  Probe  
  96  10:47  Probe  
  96  10:55  Observer  
  80  11:01  Stalker x2  
  80  11:02  Stalker x3  
  79  11:05  Probe  
  79  11:06  Zealot x2  
Show
View Real Time Build Order
Export as new Build Order

Bunny Terran - Winner!

Build Orders: Reaper Expand 

Get SALT Encoding   

  12  0:00  SCV  
  13  0:12  SCV  
  14  0:16  Supply Depot  
  14  0:24  SCV  
  15  0:38  SCV  
  15  0:40  Barracks  
  15  0:42  Refinery  
  16  0:50  SCV  
  17  1:02  SCV  
  18  1:14  SCV  
  19  1:27  Orbital Command, Reaper  
  20  1:44  Command Center  
  20  1:48  Supply Depot  
  20  1:52  SCV  
  21  1:58  Marine  
  22  2:04  SCV  
  22  2:08  Factory  
  23  2:14  Bunker  
  23  2:17  SCV  
  23  2:20  Barracks Reactor  
  24  2:32  Refinery, SCV  
  25  2:45  SCV  
  28  2:51  Hellion  
  28  2:56  Orbital Command  
  28  2:57  SCV, Marine x2  
  31  3:02  Starport  
  31  3:09  SCV  
  34  3:13  Widow Mine  
  34  3:16  Marine x2  
  36  3:21  SCV  
  36  3:23  SCV  
  38  3:33  SCV  
  41  3:34  Widow Mine  
  41  3:35  SCV  
  41  3:40  Marine x2, Medivac  
  44  3:45  Supply Depot  
  44  3:49  SCV x2  
  44  3:55  Barracks  
  46  3:58  Factory Tech Lab, Marine  
  46  4:05  Marine  
  46  4:07  SCV x2, Supply Depot  
  45  4:18  Cyclone  
  45  4:22  Starport Tech Lab  
  45  4:23  Barracks  
  45  4:24  SCV x2  
  50  4:25  Marine x2  
  52  4:33  Engineering Bay  
  52  4:36  SCV x2  
  54  4:43  Marine  
  55  4:45  Supply Depot  
  55  4:47  Starport Reactor  
  55  4:49  SCV x2  
  55  4:53  Marine  
  55  4:58  Terran Infantry Weapons Level 1  
  52  5:00  Refinery  
  52  5:01  SCV x2, Factory Reactor  
  52  5:02  Marine  
  52  5:06  Stimpack  
  55  5:12  Marine x2  
  55  5:13  SCV x2  
  59  5:16  Supply Depot  
  59  5:20  Marine x2  
  61  5:24  Refinery  
  61  5:29  Marine  
  61  5:30  Marine  
  61  5:34  Medivac  
  65  5:36  SCV x2  
  65  5:39  Marine x2  
  69  5:44  Widow Mine x2  
  69  5:45  Supply Depot  
  69  5:46  Supply Depot  
  69  5:47  Marine x2  
  69  5:48  SCV x2  
  77  5:51  Combat Shield  
  77  5:55  Supply Depot  
  77  6:05  Marine  
  77  6:06  Supply Depot  
  77  6:07  Medivac, SCV, Marine, Marauder x2  
  77  6:08  SCV  
  87  6:12  Medivac  
  87  6:14  Supply Depot  
  86  6:23  Marine  
  86  6:24  Marine, Widow Mine x2  
  92  6:29  SCV x2, Marauder  
  92  6:30  Supply Depot  
  96  6:39  Marauder  
  98  6:41  Marine  
  98  6:42  Marine  
  98  6:43  Medivac  
  98  6:45  Widow Mine x2  
  98  6:46  Concussive Shells  
  105  6:50  Marauder  
  105  6:53  Supply Depot  
  105  6:54  Supply Depot, Medivac  
  109  7:01  Terran Infantry Armor Level 1  
  109  7:03  SCV  
  109  7:04  SCV, Marine, Marauder  
  109  7:05  Marine  
  115  7:11  Marauder  
  113  7:16  Widow Mine x2  
  113  7:17  Medivac  
  113  7:22  Marine  
  98  7:26  Command Center  
  98  7:27  Medivac  
  98  7:29  Marauder  
  96  7:30  Marine  
  96  7:34  Marauder  
  101  7:40  Marine  
  98  7:48  Barracks  
  98  7:49  Barracks  
  98  7:52  Widow Mine  
  98  7:53  Armory, Widow Mine  
  98  7:57  Marauder x2  
  98  7:58  Marine x2  
  107  8:01  Medivac  
  107  8:02  SCV  
  107  8:03  SCV  
  106  8:15  SCV x2  
  106  8:16  Ghost Academy  
  106  8:18  Widow Mine x2  
  112  8:21  Marauder  
  112  8:23  Marine x2  
  116  8:29  SCV x2  
  116  8:32  Supply Depot  
  118  8:34  Medivac  
  118  8:35  Viking  
  118  8:38  Barracks Tech Lab, Barracks Reactor  
  122  8:42  Orbital Command  
  122  8:46  SCV  
  122  8:47  SCV  
  124  8:52  Ghost  
  126  8:58  SCV  
  126  8:59  Ghost, SCV  
  126  9:02  Supply Depot  
  130  9:03  Refinery  
  130  9:08  Ghost  
  130  9:09  Marine x2  
  134  9:10  SCV  
  134  9:11  SCV  
  134  9:14  Widow Mine x2  
  140  9:27  Marine x2, Marauder  
  140  9:28  Marauder  
  144  9:36  Widow Mine  
  144  9:37  Marauder, Widow Mine  
  133  9:40  Marine x2  
  133  9:42  SCV x3  
  133  9:45  Marine x2  
  133  9:47  Ghost  
  135  9:53  Marauder  
  135  9:57  Marine  
  135  9:58  Marine, Marauder  
  141  10:02  Command Center  
  141  10:03  Marine x2  
  143  10:09  Liberator  
  146  10:19  Liberator  
  146  10:20  Marauder x2  
  149  10:21  Marine x3  
  150  10:31  Widow Mine x2  
  150  10:34  Ghost  
  154  10:36  Marine  
  154  10:39  Marine  
  150  10:43  Marauder x2  
  150  10:44  Marine x2  
  150  10:47  SCV x2  
  150  10:48  SCV  
  159  10:52  Widow Mine x2  
  159  10:54  Marine  
  162  10:58  Marine  
  162  11:02  Marine x2  

Tags
 
Add a new tag
Caveats
  • Supply blocks, unpowered buildings, or Contaminate may cause inaccurate times.
  • Supply counts are checked every 10 seconds.